 Dungeon Crawl Stone Soup version 0.31-a0-940-gdaa99269f9 (webtiles) character file.

Game seed: 12833802930672005144

1231 Naiya55 the Frost Mage (level 8, -8/62 (73) HPs)
             Began as a Naga Ice Elementalist on Oct 21, 2023.
             Mangled by a wight
             ... wielding a +5 long sword
              (14 damage)
             ... on level 6 of the Dungeon.
             The game lasted 00:11:38 (5582 turns).

Naiya55 the Frost Mage (Naga Ice Elementalist)      Turns: 5582, Time: 00:11:39

HP:   -8/62 (73)    AC:  6    Str: 11    XL:     8   Next: 48%
MP:   7/11          EV: 10    Int: 17    God:
Gold: 170           SH:  0    Dex: 12    Spells: 7/11 levels left

rFire   x . .        r - +1 short sword (elec)
rCold   + . .        (no shield)
rNeg    . . .        a - +0 robe
rPois   +            s - +1 helmet
rElec   .            w - +0 cloak
rCorr   +            (no gloves)
SInv    +            (no barding)
Will    +....        (no amulet)
Stlth   ++++         k - ring of resist corrosion
HPRegen 0.30/turn    t - ring of ice
MPRegen 0.12/turn

%: no passive effects
@: freezing walls, heavily drained, very slow
A: AC +2, large, see invisible, deformed body, poison resistance, slowness 2,
spit poison 1, naga tail 1
a: Spit Poison


You were on level 6 of the Dungeon.
You visited 2 branches of the dungeon, and saw 7 of its levels.

You collected 170 gold pieces.

Inventory:

Hand Weapons
 r - a +1 short sword of electrocution (weapon)
Missiles
 f - 6 poisoned darts
Armour
 a - a +0 robe (worn)
 b - a +0 leather armour
 s - a +1 helmet (worn)
 w - a +0 cloak (worn)
Jewellery
 k - a ring of resist corrosion (left hand)
 l - a ring of flight
 t - a ring of ice (right hand)
Scrolls
 c - 2 scrolls of identify
 d - 2 scrolls of torment {unknown}
 g - a scroll of summoning {unknown}
 h - a scroll of fear {unknown}
 i - 2 scrolls of amnesia {unknown}
 j - a scroll of blinking {unknown}
 q - 2 scrolls of enchant weapon {unknown}
 u - a scroll of revelation {unknown}
 v - a scroll of teleportation {unknown}
Potions
 e - 2 potions of might
 m - 2 potions of invisibility
 n - a potion of lignification {unknown}
 o - 2 potions of mutation


   Skills:
 + Level 4.9 Fighting
 - Level 1.5 Dodging
 - Level 8.0 Stealth
 - Level 2.0 Spellcasting
 + Level 8.1 Ice Magic


You had 7 spell levels left.
You knew the following spells:

 Your Spells              Type           Power      Damage    Failure   Level
a - Freeze                Ice            100%       1d10      1%          1
b - Frozen Ramparts       Ice            88%        1d14      1%          3

Your spell library contained the following spells:

 Spells                   Type           Power      Damage    Failure   Level
 Ozocubu's Armour         Ice            44%        N/A       1%          3
 Summon Ice Beast         Ice/Summ       23%        N/A       36%         4


Dungeon Overview and Level Annotations

Branches:
Dungeon (6/15)             Temple (1/1) D:5

Altars:
Ashenzari
Elyvilon
Gozag
Kikubaaqudgha
Makhleb
Nemelex Xobeh
Qazlal
Ru
Sif Muna
Trog
Uskayaw
Vehumet
Wu Jian
Xom
Yredelemnul
The Shining One


Innate Abilities, Weirdness & Mutations

Your serpentine skin is tough. (AC +2)
You have supernaturally acute eyesight. (SInv)
Armour fits poorly on your strangely shaped body.
Your system is resistant to poisons. (rPois)
You cover ground very slowly.
You can spit poison.
You have a snake-like lower body.


Message History

You feel drained.
You hit the wight but do no damage.
The wight is heavily damaged.
The wall freezes the wight but does no damage.
The wight resists.
The wall freezes the wight.
The wight misses you.
You hit the wight.
The wight is severely damaged.
The wight resists.
The wall freezes the wight.
The wight completely resists.
The wall freezes the wight but does no damage.
The wight hits you with a +5 long sword!
* * * LOW HITPOINT WARNING * * *
You feel drained.
* * * LOW HITPOINT WARNING * * *
You feel better.
The wight completely resists.
The wall freezes the wight but does no damage.
The wight resists.
The wall freezes the wight.
The wight barely misses you.
Casting: Frozen Ramparts (safe; 1% risk of failure)
Confirm with . or Enter, or press ? or * to list all spells.
Aiming: Freeze (safe; 1% risk of failure)
Press: ? - help, Shift-Dir - straight line, f - wight
Aim: a wight, wielding a +5 long sword and wearing a +0 robe (severely damaged)
You feel a surge of power!
You freeze the wight but do no damage.
The wight completely resists.
The wall freezes the wight but does no damage.
The wight resists.
The wall freezes the wight.
The wight hits you with a +5 long sword!
* * * LOW HITPOINT WARNING * * *
You feel drained.
* * * LOW HITPOINT WARNING * * *
Casting: Freeze (safe; 1% risk of failure)
Confirm with . or Enter, or press ? or * to list all spells.
Aiming: Freeze (safe; 1% risk of failure)
Press: ? - help, Shift-Dir - straight line, f/p - wight
Aim: a wight, wielding a +5 long sword and wearing a +0 robe (almost destroyed)
You feel a surge of power!
You freeze the wight.
The wight resists.
The wight is almost destroyed.
The wight resists.
The wall freezes the wight.
The wall freezes the wight but does no damage.
The wight hits you with a +5 long sword!
You die...

........#......
......#...z.... .#####....#
..z. ..........##.....
................. #
###.#..#.##.....
#.###.#..#z# ....
.#.....#..#z# ...
..........#@# ..
..........#.# .
.#.#####.##.#
#...(...##.################
#..........................
...........#########...####
.#.........................
#########.#########..<..).
###.####### #...####


You could see 2 wights.

Vanquished Creatures
  A steam dragon (D:6)
  Menkaure (D:5)
  A water moccasin (D:5)
  An ogre (D:6)
  3 scorpions
  2 jellies (D:4)
  A gnoll bouda (D:5)
  2 orc priests
  2 hounds
  2 iguanas (D:5)
  2 orc wizards
  Robin (D:2)
  11 gnolls
  6 adders
  A worm (D:3)
  2 dart slugs
  17 orcs
  4 bats
  5 endoplasms
  3 giant cockroaches
  17 goblins
  9 hobgoblins
  7 jackals
  5 quokkas
  5 ball pythons
  3 frilled lizards (D:2)
  12 kobolds
  4 rats
130 creatures vanquished.

Notes
Turn   | Place    | Note
-------+----------+-------------------------------------------
     0 | D:1      | Naiya55 the Naga Ice Elementalist began the quest for the
                  | Orb.
     0 | D:1      | Reached XP level 1. HP: 15/15 MP: 3/3
   308 | D:1      | Reached XP level 2. HP: 20/22 MP: 3/5
  1111 | D:2      | Reached skill level 5 in Ice Magic
  1111 | D:2      | Reached XP level 3. HP: 28/28 MP: 4/6
  1115 | D:2      | Learned a level 3 spell: Frozen Ramparts
  1542 | D:2      | Reached XP level 4. HP: 36/36 MP: 3/7
  1651 | D:2      | Noticed Robin
  1659 | D:2      | Killed Robin
  2314 | D:3      | Reached XP level 5. HP: 42/42 MP: 6/8
  2414 | D:3      | Found a sacrificial altar of Ru.
  2557 | D:3      | Reached XP level 6. HP: 34/49 MP: 5/9
  3466 | D:3      | Found an opulent altar of Gozag.
  4251 | D:4      | Reached XP level 7. HP: 55/55 MP: 10/10
  4377 | D:5      | Entered Level 5 of the Dungeon
  4386 | D:5      | Reached skill level 1 in Fighting
  4403 | D:5      | Reached skill level 5 in Stealth
  4680 | D:5      | Reached XP level 8. HP: 66/69 MP: 3/11
  4947 | D:5      | Noticed Menkaure
  5044 | D:5      | Killed Menkaure
  5136 | D:5      | Found a staircase to the Ecumenical Temple.
  5155 | Temple   | Entered the Ecumenical Temple
  5582 | D:6      | Mangled by a wight

Illustrated notes

Levels and vault maps discovered:
D:1:      zaba_arrival_water, layout_basic, serial_curves, eino_curves_01,
          eino_curves_04
D:2:      layout_basic, nicolae_hexahallways, minmay_cupped, uniq_robin
D:3:      layout_basic, mainiacjoe_overflow_swirl
D:4:      layout_loops_ring
D:5:      layout_rooms, minmay_temple_entry_antechambers, uniq_menkaure
D:6:      layout_basic, grunt_decor_one_mirror, chequers_serial_rivers_large_a,
          glass_columns_b, nicolae_figureground_pulse, uniq_crazy_yiuf_cottage
Temple:   nicolae_temple_ecumenical_triangle

Skill      XL: |  1  2  3  4  5  6  7  8 |
---------------+-------------------------+-----
Ice Magic      | 5 6 7 8 |  8.1
Fighting       | 3 4 |  4.9
Stealth        | 6 8 |  8.0
Dodging        | |  1.5
Spellcasting   | |  2.0

Action                     |  1- 3 |  4- 6 |  7- 9 || total
---------------------------+-------+-------+-------++-------
  Melee: Unarmed           |     8 |       |       ||     8
         Whip              |    19 |    39 |       ||    58
         Punch             |       |     4 |       ||     4
         Short sword       |       |    90 |    51 ||   141
   Cast: Freeze            |    38 |    14 |     2 ||    54
         Frozen Ramparts   |     2 |    15 |    13 ||    30
Ability: Spit Poison       |     2 |     5 |     4 ||    11
    Use: Potion            |     1 |       |     1 ||     2
         Scroll            |       |       |     5 ||     5
   Stab: Sleeping          |     2 |       |     3 ||     5
         Distracted        |       |     1 |       ||     1
 Armour: Robe              |    47 |   117 |    47 ||   211
  Dodge: Dodged            |    22 |    71 |    19 ||   112

Table legend: (Time is in decaauts)
 A = Elapsed time spent in this place.
 B = Non-inter-level travel time spent in this place.
 C = Inter-level travel time spent in this place.
 D = Time resting spent in this place.
 E = Time spent auto-exploring this place.
 F = Levels seen in this place.
 G = Mean time per level.
                   A        B        C        D        E       F      G
               +--------+--------+--------+--------+--------+-----+--------+
         Total |   6973 |   6838 |    135 |    149 |   5396 |   7 |  996.1 |
       Dungeon |   6955 |   6820 |    135 |    149 |   5396 |   6 | 1159.2 |
        Temple |     18 |     18 |      0 |      0 |      0 |   1 |   18.0 |
               +--------+--------+--------+--------+--------+-----+--------+

Top non-repeatable levels by time:
     D:2: 1527 daAuts
     D:3: 1501 daAuts
     D:1: 1387 daAuts
     D:4: 1104 daAuts
     D:5: 1004 daAuts
     D:6: 429 daAuts
  Temple: 18 daAuts
